 Dungeon Crawl Stone Soup version 0.31-a0-188-g5e087ee2ca (webtiles) character file.

Game seed: 1896514421793802101

39 qw the Shooter (level 3, 0/20 HPs)
             Began as a Deep Elf Hunter on June 23, 2023.
             Slain by Sigmund
             ... wielding a +0 scythe
              (17 damage)
             ... on level 3 of the Dungeon.
             The game lasted 00:00:19 (1468 turns).

qw the Shooter (Deep Elf Hunter)                    Turns: 1468, Time: 00:00:20

Health: 0/20       AC:  5    Str: 14    XL:     3   Next: 26%
Magic:  5/5        EV: 11    Int: 13    God:
Gold:   69         SH:  0    Dex: 20    Spells: 2/2 levels left

rFire   . . .        Y - +0 shortbow
rCold   . . .        (shield currently unavailable)
rNeg    . . .        i - +0 ring mail
rPois   .            (no helmet)
rElec   .            (no cloak)
rCorr   .            (no gloves)
SInv    .            (no boots)
Will    .....        (no amulet)
Stlth   +            g - +6 ring of strength
HPRegen 0.23/turn    (no ring)
MPRegen 0.09/turn

%: no passive effects
@: no status effects
A: no striking features
a: no special abilities


You were on level 3 of the Dungeon.
You visited 1 branch of the dungeon, and saw 3 of its levels.

You collected 69 gold pieces.


   Skills:
 - Level 1.5 Fighting
 + Level 6.8 Ranged Weapons
 - Level 2.4 Dodging
 - Level 1.2 Stealth


You had 2 spell levels left.
You didn't know any spells.
Your spell library was empty.

Inventory:

Hand Weapons
 Y - a +0 shortbow (weapon)
Armour
 i - a +0 ring mail (worn)
Jewellery
 g - a +6 ring of strength (left hand)
Potions
 c - a potion of brilliance {unknown}
 e - 2 potions of mutation {unknown}
 f - a potion of might
 k - a potion of heal wounds {unknown}

Dungeon Overview and Level Annotations

Branches:
Dungeon (3/15)

Altars:

Annotations:
D:1 1 runed translucent door
D:2 1 runed translucent door, Crazy Yiuf
D:3 Sigmund


Message History

Enter note:
Enter note:
Enter note:
Enter note: Could not explore, unopened runed door.
1370 ||| DRINKING 2 blue potions.
It was a potion of ambrosia.
You are confused.
You feel invigorated.
You feel less invigorated.
You feel less confused.
Could not explore, unopened runed door.
1378 ||| DROPPING potion of ambrosia.
You drop a potion of ambrosia.
Could not explore, unopened runed door.
(D) Dungeon
Where to? (* - list waypoints, Enter - D:2, ? - help)
What level of the Dungeon? (default 1, ? - help)
You feel your willpower return.
There is a stone staircase leading down here.
You climb downwards.
Found a quarterstaff and a plate armour.
There is a stone staircase leading up here.
Waypoint 2 assigned to D:3.
You see here a +0 plate armour.
Found a short sword.
e - 2 glowing green potions (gained 1)
You open the gate.
Sigmund and a ball python come into view.
Sigmund shouts!
The ball python hisses angrily.
Sigmund points at you and mumbles some strange words.
The magic dart hits you.
You shoot an arrow. The arrow hits the ball python.
You kill the ball python!
You shoot an arrow. The arrow hits Sigmund!
Sigmund is moderately wounded.
You shoot an arrow. The arrow barely misses Sigmund.
Sigmund drinks a potion.
Sigmund seems to grow stronger.
You shoot an arrow. The arrow closely misses Sigmund.
Sigmund hits you from afar with a +0 scythe!
Ouch! That really hurt!
You die...

##..#).## #...##
##.#...#.# #.####
.
####....#...###.#
# ..
#.....#...#.....#
# 7..
###.##..#..#.##.#
# 7..
#.####.....##.# #
7.. #.#
########.# #
7..@#.# #..
7...'@# #..
7...'.# ....
7...%.# #..#
7...### 7..7 7...
7... ...#


You could see Sigmund (strong).

Vanquished Creatures
  An adder (D:2)
  4 dart slugs
  2 ball pythons
  3 bats
  2 giant cockroaches
  A goblin (D:1)
  A hobgoblin (D:2)
  A quokka (D:2)
  A frilled lizard (D:2)
  3 kobolds
  2 rats
21 creatures vanquished.

Notes
Turn   | Place    | Note
-------+----------+-------------------------------------------
     0 | D:1      | qw the Deep Elf Hunter began the quest for the Orb.
     0 | D:1      | Reached XP level 1. HP: 12/12 MP: 3/3
     0 | D:1      | 0 ||| qw: Version: 0.3-a-9-g12657ce
     0 | D:1      | 0 ||| qw: Game counter: 3555
     0 | D:1      | 0 ||| qw: Always use a shield: true
     0 | D:1      | 0 ||| qw: God list: Okawaru
     0 | D:1      | 0 ||| qw: Allow faded altars: false
     0 | D:1      | 0 ||| qw: Do Orc after D:15 true
     0 | D:1      | 0 ||| qw: Do second Lair branch before Depths: true
     0 | D:1      | 0 ||| qw: Lair rune preference: random
     0 | D:1      | 0 ||| qw: Plans: Normal
     0 | D:1      | 0 ||| PLANNING D:1-11
     1 | D:1      | Found a runed translucent door.
   187 | D:1      | Reached skill level 6 in Ranged Weapons
   187 | D:1      | Reached XP level 2. HP: 16/16 MP: 4/4
   646 | D:1      | 646 ||| UPGRADING to +0 ring mail.
   656 | D:1      | 656 ||| DROPPING +0 leather armour.
   657 | D:1      | 657 ||| UPGRADING to +6 ring of strength.
   658 | D:1      | 658 ||| READING scroll labelled JOK ELOERPHI.
   659 | D:1      | 659 ||| READING scroll labelled ELYASE RUZAF.
   660 | D:1      | 660 ||| DROPPING scroll of butterflies.
   854 | D:2      | Found a runed translucent door.
   855 | D:2      | Noticed Crazy Yiuf
   894 | D:2      | Reached XP level 3. HP: 13/20 MP: 5/5
  1366 | D:2      | 1366 ||| DROPPING +6 ring of intelligence.
  1367 | D:2      | 1367 ||| READING scroll labelled ITRABY NOTTUTUM.
  1368 | D:2      | 1368 ||| READING scroll labelled NANLEP ZURCHIACO.
  1369 | D:2      | 1369 ||| READING scroll labelled GAPTU MACWOWE.
  1370 | D:2      | 1370 ||| DRINKING 2 blue potions.
  1378 | D:2      | 1378 ||| DROPPING potion of ambrosia.
  1464 | D:3      | Noticed Sigmund
  1468 | D:3      | Slain by Sigmund

Levels and vault maps discovered:
D:1:      dpeg_arrival_caged_fury, layout_loops_ring, serial_glass,
          glass_columns_a, glass_columns_a
D:2:      layout_loops_cross, nrook_loot_triangle, uniq_crazy_yiuf_cottage
D:3:      layout_loops_ring, shapermc_ecumenical_altar_petra, hex_tiny,
          kennysheep_donut, uniq_sigmund

Skill      XL: |  1 |
---------------+----+-----
Ranged Weapons | 6 |  6.8
Fighting       | |  1.5
Dodging        | |  2.4
Stealth        | |  1.2

Action                     || total
---------------------------++-------
   Fire: Shortbow          ||    39
    Use: Scroll            ||     5
         Potion            ||     1
 Armour: Ring mail         ||     3
  Dodge: Dodged            ||     2

Table legend:
 A = Non-vault XP
 B = Vault XP
 C = Vault XP percentage of total XP
 D = Non-vault monster count
 E = Vault monster count
 F = Vault count percentage of total count
                 A         B        C        D         E       F
            +---------+---------+-------+---------+---------+-------
      Total |      56 |       0 |   0.0 |      21 |       0 |   0.0
            +---------+---------+-------+---------+---------+-------
        D:1 |      21 |       0 |   0.0 |      10 |       0 |   0.0
        D:2 |      33 |       0 |   0.0 |      10 |       0 |   0.0
        D:3 |       2 |       0 |   0.0 |       1 |       0 |   0.0
            +---------+---------+-------+---------+---------+-------
